 Dungeon Crawl Stone Soup version 0.31-a0-195-g7586a6f1e9 (webtiles) character file.

Game seed: 493451784100911914

130 qw the Skirmisher (level 4, -7/25 HPs)
             Began as a Deep Elf Hunter on June 24, 2023.
             Mangled by an iguana (10 damage)
             ... on level 3 of the Dungeon.
             The game lasted 00:01:04 (2417 turns).

qw the Skirmisher (Deep Elf Hunter)                 Turns: 2417, Time: 00:01:05

Health: -7/25      AC:  7    Str: 10    XL:     4   Next: 90%
Magic:  6/6        EV: 11    Int: 14    God:
Gold:   152        SH:  0    Dex: 18    Spells: 3/3 levels left

rFire   . . .        Y - +0 shortbow
rCold   . . .        (shield currently unavailable)
rNeg    . . .        g - +2 ring mail {rPois}
rPois   +            (no helmet)
rElec   .            (no cloak)
rCorr   .            (no gloves)
SInv    .            (no boots)
Will    .....        f - amulet of faith
Stlth   +            (no ring)
HPRegen 0.24/turn    (no ring)
MPRegen 0.10/turn

%: faith
@: no status effects
A: no striking features
a: no special abilities


You were on level 3 of the Dungeon.
You visited 1 branch of the dungeon, and saw 4 of its levels.

You collected 152 gold pieces.


   Skills:
 - Level 1.5 Fighting
 + Level 8.3 Ranged Weapons
 - Level 2.4 Dodging
 - Level 1.2 Stealth


You had 3 spell levels left.
You didn't know any spells.
Your spell library was empty.

Inventory:

Hand Weapons
 Y - a +0 shortbow (weapon)
Armour
 g - a +2 ring mail of poison resistance (worn)
Jewellery
 d - a ring of poison resistance
 f - an amulet of faith (around neck)
Scrolls
 a - a scroll of identify
Potions
 c - a potion of magic {unknown}
 e - a potion of haste {unknown}
 i - a potion of curing {unknown}
 j - a potion of mutation {unknown}
 k - a potion of might {unknown}
 n - a potion of berserk rage {unknown}

Dungeon Overview and Level Annotations

Branches:
Dungeon (4/15)
 Temple: D:4-7

Altars:

Shops:
D:1 [   D:2 [   D:4 !

Annotations:
D:2 1 runed translucent door, Crazy Yiuf


Message History

There is a stone staircase leading down here.
You climb downwards.
Found a yellow potion.
There is a stone staircase leading up here.
An iguana is nearby!
You shoot an arrow. The arrow hits the iguana.
The iguana hisses angrily.
The iguana is lightly wounded.
You shoot an arrow. The arrow hits the iguana.
The iguana is moderately wounded.
You shoot an arrow. The arrow barely misses the iguana.
You shoot an arrow. The arrow hits the iguana.
The iguana is severely wounded.
The iguana bites you!
2412 ||| STAIRDANCE The iguana bites you.
You climb upwards.
There is a stone staircase leading down here.
Enter note:
Enter note:
Enter note:
Enter note:
Enter note:
Enter note:
Enter note:
Enter note:
Enter note: You shoot an arrow.
The arrow hits the iguana but does no damage.
The iguana is severely wounded.
The iguana closely misses you.
You shoot an arrow.
The arrow hits the iguana but does no damage.
The iguana is severely wounded.
The iguana bites you. The iguana bites you!
You shoot an arrow. The arrow completely misses the iguana.
The iguana bites you but does no damage.
You shoot an arrow. The arrow closely misses the iguana.
The iguana bites you!
You die...

#
####.######.........#..#
#
#.........####.....###.#
# #.##..#.#.# ##...##
#.#
#####.##..#.#.######.##
#.#
......#.#...#.#.......#
#.#
#####.##..#.#.#.......#
#.#
......##......#.......#
#.#
......................#
#.#
......##.######l@.....#
#.# ......##.# #.......#
#.# .#######.###
#.......# #.# .# #..!#
######### #.# .#
###.############ #.# .#
#.##.........# #.# .#
#.##.#######.####.#
####### #.##.# #......#
......# #....# ########


You could see an iguana.

Vanquished Creatures
  An orc wizard (D:3)
  3 adders
  2 worms
  3 dart slugs
  3 orcs (D:3)
  5 ball pythons
  5 bats
  3 endoplasms
  5 giant cockroaches
  4 goblins
  5 hobgoblins
  5 jackals
  3 quokkas
  3 frilled lizards
  7 kobolds
  4 rats
61 creatures vanquished.

Notes
Turn   | Place    | Note
-------+----------+-------------------------------------------
     0 | D:1      | qw the Deep Elf Hunter began the quest for the Orb.
     0 | D:1      | Reached XP level 1. HP: 12/12 MP: 3/3
     0 | D:1      | 0 ||| qw: Version: 0.3-a-9-g12657ce
     0 | D:1      | 0 ||| qw: Game counter: 4753
     0 | D:1      | 0 ||| qw: Always use a shield: true
     0 | D:1      | 0 ||| qw: God list: Okawaru
     0 | D:1      | 0 ||| qw: Allow faded altars: false
     0 | D:1      | 0 ||| qw: Do Orc after D:15 true
     0 | D:1      | 0 ||| qw: Do second Lair branch before Depths: true
     0 | D:1      | 0 ||| qw: Lair rune preference: random
     0 | D:1      | 0 ||| qw: Plans: Normal
     0 | D:1      | 0 ||| PLANNING D:1-11
    82 | D:1      | Reached skill level 6 in Ranged Weapons
    82 | D:1      | Reached XP level 2. HP: 16/16 MP: 4/4
   143 | D:1      | Found Sichumuu's Antique Armour Shop.
   147 | D:1      | 147 ||| SHOPLISTING ring mail (76 gold, have 9).
   147 | D:1      | 147 ||| SHOPLISTING runed ring mail (133 gold, have 9).
   147 | D:1      | 147 ||| SHOPLISTING scale mail (76 gold, have 9).
   459 | D:1      | 459 ||| UPGRADING to +0 ring mail.
   469 | D:1      | 469 ||| DROPPING +0 leather armour.
   470 | D:1      | 470 ||| READING 3 scrolls labelled VUMNIG OTEHO.
   471 | D:1      | 471 ||| READING scroll labelled NAUROGU VARHU.
   476 | D:1      | 476 ||| READING scroll labelled FANUCA CUS TUH.
   477 | D:1      | 477 ||| READING scroll labelled GOSTRA ZUMPOWID.
   478 | D:1      | 478 ||| READING scroll labelled YKHLERGH KI XUWA.
   479 | D:1      | 479 ||| READING scroll labelled ZAIFFY YTHRA.
   480 | D:1      | 480 ||| READING 2 scrolls of identify.
   480 | D:1      | 480 ||| IDENTIFYING glowing purple potion
   481 | D:1      | 481 ||| DROPPING scroll of butterflies.
   482 | D:1      | 482 ||| DROPPING potion of brilliance.
   484 | D:1      | 484 ||| Stepping ~*~*~tactically~*~*~ (cloud).
   487 | D:1      | HP: 4/16 [poisoned by you (poison gas)]
   491 | D:1      | HP: 1/16 [poisoned by you (poison gas)]
   651 | D:2      | Found a faded altar of an unknown god.
   684 | D:2      | Reached XP level 3. HP: 20/20 MP: 5/5
   807 | D:2      | Reached skill level 7 in Ranged Weapons
   880 | D:2      | 880 ||| FLEEEEING.
   881 | D:2      | 881 ||| FLEEEEING.
   882 | D:2      | 882 ||| FLEEEEING.
   883 | D:2      | 883 ||| FLEEEEING.
   884 | D:2      | 884 ||| FLEEEEING.
   885 | D:2      | 885 ||| FLEEEEING.
   886 | D:2      | 886 ||| FLEEEEING.
   926 | D:2      | Found Zuggaeqo's Armour Shoppe.
   931 | D:2      | 931 ||| SHOPLISTING +4 ring mail of cold resistance (403
                  | gold, have 75).
  1067 | D:2      | Found a runed translucent door.
  1068 | D:2      | Noticed Crazy Yiuf
  1365 | D:2      | 1365 ||| UPGRADING to +2 ring mail of poison resistance.
  1375 | D:2      | 1375 ||| DROPPING +0 ring mail.
  1376 | D:2      | 1376 ||| UPGRADING to amulet of faith.
  1463 | D:3      | Reached XP level 4. HP: 25/25 MP: 6/6
  1661 | D:3      | Reached skill level 8 in Ranged Weapons
  2137 | D:3      | 2137 ||| READING scroll labelled OMIOMU DIWABE.
  2138 | D:3      | 2138 ||| READING scroll labelled TILUDO BAVESTRU.
  2239 | D:3      | 2239 ||| READING scroll labelled FIOTEA FERHA.
  2271 | D:4      | Found Olusyutu's Distillery.
  2276 | D:4      | 2276 ||| STAIRDANCE
  2294 | D:3      | HP: 5/25 [jackal (2)]
  2295 | D:3      | 2295 ||| READING scroll of teleportation.
  2297 | D:3      | HP: 2/25 [jackal (1)]
  2412 | D:4      | 2412 ||| STAIRDANCE
  2415 | D:3      | HP: 3/25 [iguana (8)]
  2417 | D:3      | Mangled by an iguana

Levels and vault maps discovered:
D:1:      dpeg_arrival_long_road, layout_rooms, serial_shops,
          nicolae_shop_pleasant_corner_grove
D:2:      layout_basic, shapermc_ecumenical_altar_hornbeckon, serial_shops,
          shop, uniq_crazy_yiuf_cottage
D:3:      layout_loops_cross
D:4:      layout_rooms, fedhas_altar_2, minmay_temple_entry_grid, serial_shops,
          shop, nicolae_shop_tiny_real_fake_doors, shop, shop_fountains, shop

Skill      XL: |  1  2  3  4 |
---------------+-------------+-----
Ranged Weapons | 6 7 8 |  8.3
Fighting       | |  1.5
Dodging        | |  2.4
Stealth        | |  1.2

Action                     |  1- 3 |  4- 6 || total
---------------------------+-------+-------++-------
   Fire: Shortbow          |   122 |    94 ||   216
    Use: Scroll            |     7 |     4 ||    11
 Armour: Ring mail         |    13 |    50 ||    63
         Leather armour    |     1 |       ||     1
  Dodge: Dodged            |    25 |    74 ||    99

Table legend:
 A = Non-vault XP
 B = Vault XP
 C = Vault XP percentage of total XP
 D = Non-vault monster count
 E = Vault monster count
 F = Vault count percentage of total count
                 A         B        C        D         E       F
            +---------+---------+-------+---------+---------+-------
      Total |     187 |       0 |   0.0 |      61 |       0 |   0.0
            +---------+---------+-------+---------+---------+-------
        D:1 |      30 |       0 |   0.0 |      19 |       0 |   0.0
        D:2 |      66 |       0 |   0.0 |      20 |       0 |   0.0
        D:3 |      91 |       0 |   0.0 |      22 |       0 |   0.0
            +---------+---------+-------+---------+---------+-------
